[Event "36th Indian-ch U13 Open 2023"]
[Site "Secunderabad"]
[Date "2023.12.06"]
[Round "4.3"]
[White "Vandan Alankar Sawai"]
[Black "Kolla Bhaavan"]
[Result "1-0"]
[ECO "B15"]
[WhiteElo "1619"]
[BlackElo "1917"]
[Annotator "RC"]
[PlyCount "97"]
[EventDate "2023.12.04"]
[EventType "swiss"]
[EventCountry "IND"]
[SourceTitle "playchess.com"]
[Source "ChessBase"]
[SourceQuality "1"]
[TimeControl "5400+30"]

1. e4 c6 2. d4 d5 3. Nc3 dxe4 4. Nxe4 Nf6 5. Nxf6+ exf6 6. c3 Bd6 7. Bd3 O-O 8. Ne2 Re8 9. O-O Nd7 10. Ng3 Nf8 11. f4 Qc7 12. Qf3 Ng6 13. f5 Bxg3 14. hxg3 Ne7 15. Bd2 Bd7 16. b4 Rad8 17. g4 Bc8 18. Bf4 Qd7 19. Rae1 Nd5 20. Bd2 g6 21. Rxe8+ Rxe8 22. c4 Nxb4 23. Bxb4 Qxd4+ 24. Kh1 c5 25. Bd2 Rd8 26. fxg6 hxg6 27. Bxg6 fxg6 28. Bc3 Qd6 29. Bxf6 Rf8 30. g5 Qe6 31. Qd3 Qf7 32. Rf4 Bf5 33. Qg3 Qc7 34. Qh2 Qd7 35. Qg3 Rf7 36. Rh4 Rh7 37. Qb8+ Qc8 38. Rxh7 Kxh7 39. Qh2+ Bh3 40. Qxh3+ Qxh3+ 41. gxh3 Kg8 42. Kg2 Kf7 43. Kf3 Ke6 44. Ke4 b6 45. Bd8 Kd6 46. h4 Ke6 47. a4 Kd7 48. Bxb6 axb6 49. Kd5 1-0

[Event "36th Indian-ch U13 Open 2023"]
[Site "Secunderabad"]
[Date "2023.12.06"]
[Round "4.4"]
[White "Gaikwad Manas"]
[Black "Madhesh Kumar S"]
[Result "1/2-1/2"]
[ECO "C65"]
[WhiteElo "1916"]
[BlackElo "1580"]
[Annotator "RC"]
[PlyCount "132"]
[EventDate "2023.12.04"]
[EventType "swiss"]
[EventCountry "IND"]
[SourceTitle "playchess.com"]
[Source "ChessBase"]
[SourceQuality "1"]
[TimeControl "5400+30"]

1. e4 e5 2. Nf3 Nc6 3. Bb5 Nf6 4. d3 Bc5 5. O-O d6 6. c3 O-O 7. h3 h6 8. Re1 Bd7 9. Be3 Bxe3 10. fxe3 Ne7 11. Bc4 Ng6 12. Nbd2 c6 13. d4 Qc7 14. Bd3 c5 15. Rc1 b5 16. Rf1 Qb6 17. Bb1 a5 18. Qe1 Rae8 19. Qf2 a4 20. d5 c4 21. a3 Nh7 22. g4 Ng5 23. Kh2 Qd8 24. Ng1 Nh7 25. Ne2 Qh4 26. Qg2 Qg5 27. Qg1 Nh4 28. Ng3 g6 29. Bc2 Kh8 30. Qf2 Qe7 31. Rce1 Bc8 32. Re2 h5 33. gxh5 f5 34. hxg6 fxe4 35. Qf7 Rxf7 36. Rxf7 Nxg6 37. Rxe7 Nxe7 38. Bxe4 Nf6 39. Nf3 Nexd5 40. Ng5 Kg7 41. Rd2 Nxe3 42. Rxd6 Nxe4 43. N3xe4 Rf8 44. Rb6 Bf5 45. Rxb5 Kg6 46. h4 Rh8 47. Kg3 Bxe4 48. Nxe4 Nf5+ 49. Kf3 Rxh4 50. Nc5 Rf4+ 51. Ke2 Ng3+ 52. Ke3 Nf5+ 53. Kd2 e4 54. Rb6+ Kh5 55. Rf6 e3+ 56. Ke1 e2 57. Nd7 Kg5 58. Rf8 Ng3 59. Rxf4 Kxf4 60. Kf2 Ke4 61. Nc5+ Kd5 62. Nd7 Ke4 63. Nc5+ Kd5 64. Nxa4 Kc6 65. b4 cxb3 66. Nb2 Kb5 1/2-1/2

[Event "36th Indian-ch U13 Open 2023"]
[Site "Secunderabad"]
[Date "2023.12.06"]
[Round "4.5"]
[White "Sharnarthi Viresh"]
[Black "Sanyam Srivastava"]
[Result "1-0"]
[ECO "E18"]
[WhiteElo "1850"]
[BlackElo "1560"]
[Annotator "NA RC"]
[PlyCount "77"]
[EventDate "2023.12.04"]
[EventType "swiss"]
[EventCountry "IND"]
[SourceTitle "playchess.com"]
[Source "ChessBase"]
[SourceQuality "1"]
[TimeControl "5400+30"]

1. d4 Nf6 2. Nf3 e6 3. c4 d5 4. g3 Be7 5. Bg2 O-O 6. O-O b6 7. cxd5 exd5 8. Nc3 Bb7 9. Ne5 Nbd7 10. Qa4 Nxe5 11. dxe5 Ne8 12. Rd1 c6 13. e4 Nc7 14. exd5 cxd5 15. Be3 b5 16. Qb3 b4 17. Nxd5 Nxd5 18. Bxd5 Bxd5 19. Rxd5 Qc7 20. Rad1 a5 21. e6 a4 22. Qd3 Qc6 23. exf7+ Rxf7 24. Rc1 Qe6 25. Qc4 Raf8 26. Ra5 Qh3 27. Ra7 Kh8 28. Qe4 Re8 29. Bg5 Ref8 30. Be3 Re8 $18 31. Rcc7 Rd8 32. Bd4 Rxf2 33. Bxf2 Rd1+ 34. Be1 Bf8 35. Ra8 Rxe1+ 36. Qxe1 h6 37. Rxf8+ Kh7 38. Qe4+ Qf5 39. Qxf5# 1-0

[Event "36th Indian-ch U13 Open 2023"]
[Site "Secunderabad"]
[Date "2023.12.06"]
[Round "4.6"]
[White "Shenvi, Mohit"]
[Black "Reyan"]
[Result "0-1"]
[ECO "B22"]
[WhiteElo "1940"]
[BlackElo "1842"]
[Annotator "RC"]
[PlyCount "130"]
[EventDate "2023.12.04"]
[EventType "swiss"]
[EventCountry "IND"]
[SourceTitle "playchess.com"]
[Source "ChessBase"]
[SourceQuality "1"]
[TimeControl "5400+30"]

1. e4 c5 2. c3 Nf6 3. e5 Nd5 4. d4 cxd4 5. cxd4 d6 6. exd6 Qxd6 7. Nc3 Nc6 8. Nf3 Bf5 9. Be3 e6 10. Bc4 Nb6 11. Bd3 Bg6 12. Bxg6 hxg6 13. h3 Be7 14. O-O Nd5 15. Qb3 O-O 16. Rac1 Rab8 17. Rfe1 Rfd8 18. a3 Qd7 19. Ne4 Rbc8 20. Qd3 a6 21. Nc5 Bxc5 22. Rxc5 Qe8 23. Qe4 Rc7 24. Rec1 Rcd7 25. b4 f6 26. Re1 Qf7 27. Bc1 Rd6 28. Bb2 Nde7 29. Bc3 Nf5 30. g4 Nfe7 31. Bb2 g5 32. Kg2 Qg6 33. Kg3 Kf7 34. Qe2 Nd5 35. Qc4 Rh8 36. b5 Nce7 37. Bc1 b6 38. Rxd5 Rxd5 39. bxa6 Qh7 40. Ng1 Rc8 41. Qb3 Qc2 42. Qxb6 Rc6 43. Qb4 Qc3+ 44. Be3 Qxb4 45. axb4 Rxa6 46. Rc1 Rb6 47. Rc7 Rxb4 48. Nf3 Ke8 49. Bc1 Rd7 50. Rc3 Nd5 51. Rc8+ Rd8 52. Rc5 Kd7 53. Ra5 Rc8 54. Ba3 Rb3 55. Bc5 Rc7 56. Ra6 Rc6 57. Ra7+ Rc7 58. Ra6 Nf4 59. h4 Ne2+ 60. Kg2 Nf4+ 61. Kg3 Ne2+ 62. Kg2 gxh4 63. Rd6+ Kc8 64. Nxh4 Nf4+ 65. Kg1 g5 0-1

[Event "36th Indian-ch U13 Open 2023"]
[Site "Secunderabad"]
[Date "2023.12.06"]
[Round "4.7"]
[White "Mrinmoy Rajkhowa"]
[Black "Mukhund A"]
[Result "1-0"]
[ECO "B36"]
[WhiteElo "1840"]
[BlackElo "1533"]
[Annotator "NA RC"]
[PlyCount "115"]
[EventDate "2023.12.04"]
[EventType "swiss"]
[EventCountry "IND"]
[SourceTitle "playchess.com"]
[Source "ChessBase"]
[SourceQuality "1"]
[TimeControl "5400+30"]

1. e4 c5 2. Nf3 g6 3. d4 cxd4 4. Nxd4 Nc6 5. c4 Nf6 6. Nc3 Nxd4 7. Qxd4 d6 8. Be3 Bg7 9. f3 O-O 10. Qd2 Be6 11. Rc1 b6 12. Be2 Rc8 13. b3 Qd7 14. O-O Qb7 15. Rfd1 Rfd8 16. Bf1 Nd7 17. Nd5 Ne5 18. Kh1 f5 19. Bg5 Bf8 20. exf5 Bxf5 21. Re1 Re8 22. Qd4 h6 23. Bd2 Bg7 24. Qh4 g5 25. Qg3 Ng6 26. Ne3 Bd7 27. Bd3 Be5 28. Qf2 Nf4 29. Bb1 Rf8 30. Bc3 Bxc3 31. Rxc3 Bc6 32. Nf5 Rxf5 33. Bxf5 Rf8 34. Be4 Bxe4 35. Rxe4 Nh3 36. Qe1 Nf2+ 37. Qxf2 Qxe4 38. Re3 Qd4 39. Qe1 e5 40. Re4 Qb2 41. Re2 Qd4 42. Re4 Qb2 43. Re2 Qd4 44. Rd2 Qc5 45. Rd5 Qc7 46. Qe4 Kg7 47. g3 Qe7 48. Kg2 Qf6 49. b4 h5 50. h3 Rc8 51. Qd3 Rd8 52. c5 bxc5 53. bxc5 e4 54. fxe4 Rb8 55. Rf5 Rb2+ 56. Kg1 Rb1+ 57. Qxb1 Qd4+ 58. Rf2 1-0

[Event "36th Indian-ch U13 Open 2023"]
[Site "Secunderabad"]
[Date "2023.12.06"]
[Round "4.8"]
[White "Pavan Karthikeya Varma Gunturi"]
[Black "Adharsh K"]
[Result "0-1"]
[ECO "B31"]
[WhiteElo "1538"]
[BlackElo "1831"]
[Annotator "NA RC"]
[PlyCount "92"]
[EventDate "2023.12.04"]
[EventType "swiss"]
[EventCountry "IND"]
[SourceTitle "playchess.com"]
[Source "ChessBase"]
[SourceQuality "1"]
[TimeControl "5400+30"]

1. e4 c5 2. Nc3 Nc6 3. Bb5 Nd4 4. Nf3 g6 5. Ba4 Bg7 6. O-O Qa5 7. Bb3 Nxb3 8. cxb3 d6 9. Nd5 Nf6 10. Nxf6+ Bxf6 11. d3 O-O 12. Bd2 Qc7 13. Bc3 Bxc3 14. bxc3 b5 15. Nd2 Bb7 16. f4 d5 17. e5 Bc8 18. Re1 (18. Qf3 $11 {is superior.}) 18... Bf5 19. Nf1 c4 20. d4 cxb3 21. Qxb3 Rac8 22. Rac1 Qc4 23. Qa3 e6 24. Ne3 Qd3 25. Qb2 a6 26. g4 Be4 27. Kf2 b4 28. cxb4 Rxc1 29. Rxc1 f6 30. exf6 Rxf6 31. Rc8+ Kg7 $11 {[%emt 0:04:17] remains equal.} 32. Rc7+ Kf8 33. Rc8+ (33. Rxh7 {gets mated.} Rxf4+ 34. Ke1 Qxe3+ 35. Qe2 Qc1+ 36. Qd1 Rf1+ {[%mdl 64] Skewer, Deflection} 37. Kxf1 Qxd1+ 38. Kf2 Qf3+ 39. Ke1 Bd3 40. Rh8+ Kg7) 33... Ke7 $16 34. f5 gxf5 35. g5 Rf8 36. Rc7+ Kd6 37. Qc1 Qxd4 38. Rb7 Rc8 39. Qxc8 Qd2+ 40. Kf1 Bd3+ 41. Kg1 Qxe3+ 42. Kg2 Qe2+ 43. Kg3 f4+ 44. Kxf4 Qf2+ 45. Kg4 Bf5+ 46. Kh5 Qxh2# 0-1

[Event "36th Indian-ch U13 Open 2023"]
[Site "Secunderabad"]
[Date "2023.12.06"]
[Round "4.9"]
[White "Siddhanth Poonja"]
[Black "Thakur Aarit"]
[Result "1-0"]
[ECO "D02"]
[WhiteElo "1806"]
[BlackElo "1479"]
[Annotator "NA RC"]
[PlyCount "103"]
[EventDate "2023.12.04"]
[EventType "swiss"]
[EventCountry "IND"]
[SourceTitle "playchess.com"]
[Source "ChessBase"]
[SourceQuality "1"]
[TimeControl "5400+30"]

1. d4 d5 2. Nf3 Nf6 3. Bf4 e6 4. e3 Bd6 5. Ne5 Qe7 6. Nd2 c5 7. c3 a6 8. Bd3 (8. Qf3 $14) 8... Nc6 9. Bg3 Nd7 10. f4 cxd4 11. exd4 O-O 12. O-O f6 ({Black should try} 12... f5 $14) 13. Bh4 Qe8 14. Nxd7 Bxd7 15. Qf3 Qf7 16. Rae1 Rac8 17. Bg3 Ne7 18. Kh1 Nc6 19. a3 b5 20. Bb1 Rfe8 21. Qd3 Qh5 22. Rf3 $11 (22. f5 $16 Bf8 23. fxe6 Rxe6 24. Rxe6 Bxe6 25. a4) 22... Ne7 23. Bf2 e5 24. fxe5 fxe5 25. dxe5 Bc7 26. Nf1 Ng6 27. Ng3 Qg5 28. Ba2 Rxe5 29. Rxe5 Nxe5 30. Qxd5+ Kh8 31. Re3 Qf4 32. Bg1 Bc6 33. Qd4 Qf6 34. Re2 Rd8 35. Qf2 Qh6 36. Nf5 Qg5 37. Nd4 Bb7 38. Ne6 Qe7 39. Nxd8 Qxd8 40. Qg3 Ng6 41. Qxc7 Bxg2+ 42. Kxg2 Qg5+ 43. Kh1 Qf5 44. Re8+ Nf8 45. Qc6 h5 46. Qd5 Qxd5+ 47. Bxd5 g5 48. Bd4+ Kh7 49. Rxf8 g4 50. Bf7 Kh6 51. Bf6 g3 52. Rh8# 1-0

[Event "36th Indian-ch U13 Open 2023"]
[Site "Secunderabad"]
[Date "2023.12.06"]
[Round "4.10"]
[White "Ramanuj Mishra"]
[Black "Vihaan Dumir"]
[Result "1/2-1/2"]
[ECO "D12"]
[WhiteElo "1464"]
[BlackElo "1798"]
[Annotator "NA RC"]
[PlyCount "78"]
[EventDate "2023.12.04"]
[EventType "swiss"]
[EventCountry "IND"]
[SourceTitle "playchess.com"]
[Source "ChessBase"]
[SourceQuality "1"]
[TimeControl "5400+30"]

1. d4 d5 2. c4 c6 3. Nf3 Nf6 4. e3 Bf5 5. Nbd2 e6 6. b3 Bd6 7. Bb2 Nbd7 8. Be2 h5 9. h3 Ne4 10. Nxe4 dxe4 11. Nd2 Qg5 12. Bf1 Nf6 13. Qc2 Bg3 14. Qc3 Bc7 15. g3 O-O 16. O-O-O b5 17. Ba3 Rfc8 18. Be7 Qg6 19. Bxf6 Qxf6 20. Bg2 Rab8 21. Nxe4 Bxe4 22. Bxe4 bxc4 23. f4 cxb3 24. axb3 c5 25. Bc2 Bb6 26. Qd3 cxd4 27. exd4 g6 28. Rhe1 Ba5 29. Re5 Bc3 30. Qa6 Qe7 31. Rb5 Kg7 32. Rxb8 Rxb8 33. Rd3 Qc7 34. Qc4 Bb2+ 35. Kd1 Qb7 36. d5 exd5 37. Rxd5 Qb6 38. Qf1 Qe3 39. Rd2 Bf6 1/2-1/2

[Event "36th Indian-ch U13 Open 2023"]
[Site "Secunderabad"]
[Date "2023.12.06"]
[Round "5.1"]
[White "Ram Vishal Parab"]
[Black "Sharnarthi Viresh"]
[Result "1/2-1/2"]
[ECO "B50"]
[WhiteElo "1686"]
[BlackElo "1850"]
[Annotator "NA COMBH"]
[PlyCount "101"]
[EventDate "2023.12.04"]
[EventType "swiss"]
[EventCountry "IND"]
[SourceTitle "playchess.com"]
[Source "ChessBase"]
[SourceQuality "1"]
[TimeControl "5400+30"]

1. e4 c5 2. Nf3 d6 3. c3 Nf6 4. h3 g6 5. Bd3 Bg7 6. Bc2 O-O 7. O-O Nc6 8. d4 cxd4 9. cxd4 e5 10. d5 Nb4 11. Nc3 a5 12. Bb1 Bd7 13. a3 Na6 14. Be3 b5 15. Bd3 a4 16. Nd2 Qa5 17. Qe2 Rab8 18. Rfc1 Nc5 19. Na2 Rfc8 20. Nb4 Ne8 21. f3 Nc7 22. Rc2 N7a6 23. Nxa6 Qxa6 24. Rac1 Bf8 25. Qf1 Qb7 26. Be2 f5 27. Qe1 f4 28. Bf2 Be7 29. Kh1 g5 30. Qf1 Kf7 31. Rc3 h5 32. b4 axb3 33. Nxb3 Nxb3 34. Rxb3 g4 35. fxg4 hxg4 36. hxg4 Rh8+ 37. Rh3 Bg5 38. Be1 Ke7 39. Bf3 Qa7 40. Bb4 Bh4 41. Qe2 Bg3 42. Qd2 Qb6 43. Qb2 Kf7 44. Be1 Rxh3+ 45. gxh3 Qe3 46. Qc3 Qxc3 47. Bxc3 Rc8 48. Bd2 Rxc1+ 49. Bxc1 Be1 50. Kg2 Kg6 51. Kf1 1/2-1/2

[Event "36th Indian-ch U13 Open 2023"]
[Site "Secunderabad"]
[Date "2023.12.06"]
[Round "5.2"]
[White "Reyan"]
[Black "Shreyash Singh"]
[Result "1/2-1/2"]
[ECO "B13"]
[WhiteElo "1842"]
[BlackElo "1637"]
[Annotator "NA COMBH"]
[PlyCount "75"]
[EventDate "2023.12.04"]
[EventType "swiss"]
[EventCountry "IND"]
[SourceTitle "playchess.com"]
[Source "ChessBase"]
[SourceQuality "1"]
[TimeControl "5400+30"]

1. e4 c6 2. d4 d5 3. exd5 cxd5 4. Bd3 Nc6 5. c3 Qc7 6. Ne2 Bg4 7. O-O e6 8. Qe1 Bxe2 9. Qxe2 Bd6 10. f4 Nf6 11. g3 h5 12. h4 O-O-O 13. Nd2 Kb8 14. Nf3 Ne7 15. Rf2 Nf5 16. Rg2 Rhe8 17. Bd2 Bf8 18. Re1 Nd6 19. Ng5 g6 20. Bc1 Bg7 21. Qc2 Nf5 22. Qe2 Nd6 23. Qf3 Ng4 24. Rge2 Nf5 25. Kg2 a6 26. Bd2 Ka7 27. b4 Nd6 28. a4 Nc4 29. Bxc4 dxc4 30. Rb1 Rd6 31. Ne4 Rd5 32. Nc5 Bf8 33. Ne4 Qc6 34. Ra1 Kb8 35. a5 Be7 36. Rae1 Red8 37. Bc1 Nh6 38. Kh2 1/2-1/2

[Event "36th Indian-ch U13 Open 2023"]
[Site "Secunderabad"]
[Date "2023.12.06"]
[Round "5.3"]
[White "Banik Hrishikesh Kumar"]
[Black "Mrinmoy Rajkhowa"]
[Result "0-1"]
[ECO "B81"]
[WhiteElo "1627"]
[BlackElo "1840"]
[Annotator "NA COMBH"]
[PlyCount "120"]
[EventDate "2023.12.04"]
[EventType "swiss"]
[EventCountry "IND"]
[SourceTitle "playchess.com"]
[Source "ChessBase"]
[SourceQuality "1"]
[TimeControl "5400+30"]

1. e4 c5 2. Nf3 d6 3. d4 cxd4 4. Nxd4 Nf6 5. Nc3 a6 6. h3 e6 7. g4 Nfd7 8. Bg2 Nc6 9. Be3 Be7 10. O-O O-O 11. Qd2 Nde5 12. b3 Nxd4 13. Bxd4 b5 14. Ne2 Bb7 15. f4 Ng6 16. Rad1 e5 17. Be3 exf4 18. Nxf4 Ne5 19. Nd5 Bxd5 20. exd5 Re8 21. Bd4 Bf6 22. Rf2 Nd7 23. Bxf6 Nxf6 24. Rdf1 Re7 25. Qf4 Qb6 26. Kh2 Rae8 27. Qg5 Nd7 28. h4 Qd4 29. h5 Qe5+ 30. Qxe5 Nxe5 31. Kg3 Rc7 32. Rd2 Rc3+ 33. Kf4 f6 34. Rff2 g6 35. hxg6 Nxg6+ 36. Kf5 Kf7 37. Rfe2 Nh4+ 38. Kf4 Ng6+ 39. Kf5 Rce3 40. Rxe3 Rxe3 41. Be4 Re1 42. Rf2 h6 43. c4 Rc1 44. Bc2 Re1 45. Be4 Rc1 46. Bc2 Re1 47. Be4 b4 48. c5 dxc5 49. d6 Rd1 50. Bb7 Rd4 51. Be4 Rxd6 52. Rc2 Rd1 53. Bf3 Rd4 54. Be4 Rd1 55. Bf3 Re1 56. Bd5+ Kg7 57. Be4 Kf7 58. Bd5+ Kg7 59. Be4 Nf8 60. Bd3 Ne6 0-1

[Event "36th Indian-ch U13 Open 2023"]
[Site "Secunderabad"]
[Date "2023.12.06"]
[Round "5.4"]
[White "Adharsh K"]
[Black "Vandan Alankar Sawai"]
[Result "1-0"]
[ECO "C11"]
[WhiteElo "1831"]
[BlackElo "1619"]
[Annotator "NA COMBH"]
[PlyCount "105"]
[EventDate "2023.12.04"]
[EventType "swiss"]
[EventCountry "IND"]
[SourceTitle "playchess.com"]
[Source "ChessBase"]
[SourceQuality "1"]
[TimeControl "5400+30"]

1. e4 e6 2. d4 d5 3. Nc3 Nf6 4. e5 Nfd7 5. f4 c5 6. Nf3 Nc6 7. Be3 cxd4 8. Nxd4 Bc5 9. Qd2 O-O 10. h4 Qe7 11. O-O-O a6 12. g4 Nxd4 13. Bxd4 b5 14. Bg2 b4 15. Ne2 a5 16. f5 Bxd4 17. Nxd4 Nxe5 18. Qe2 Qc7 19. Rhe1 Nc4 20. fxe6 fxe6 21. Nxe6 Bxe6 22. Qxe6+ Kh8 23. Bxd5 Rac8 24. Bxc4 Qxc4 25. Qxc4 Rxc4 26. Rg1 Kg8 27. h5 h6 28. b3 Rc5 29. Rg2 Rf4 30. Kb2 Kf7 31. Rd7+ Kf6 32. Rd6+ Kf7 33. a3 Rg5 34. Ra6 Rc5 35. Rg6 Rf6 36. Rxf6+ Kxf6 37. axb4 axb4 38. Re2 g6 39. hxg6 Kxg6 40. Re4 Rb5 41. c3 bxc3+ 42. Kxc3 Kg5 43. b4 Rb8 44. Kc4 Rc8+ 45. Kd5 Rd8+ 46. Kc6 Rc8+ 47. Kb7 Rc1 48. b5 Rb1 49. b6 Rc1 50. Kb8 Rb1 51. b7 Rb2 52. Ra4 Rf2 53. Ka8 1-0

[Event "36th Indian-ch U13 Open 2023"]
[Site "Secunderabad"]
[Date "2023.12.06"]
[Round "5.5"]
[White "Darshan, V P S"]
[Black "Siddhanth Poonja"]
[Result "0-1"]
[ECO "B06"]
[WhiteElo "1670"]
[BlackElo "1806"]
[Annotator "NA COMBH"]
[PlyCount "148"]
[EventDate "2023.12.04"]
[EventType "swiss"]
[EventCountry "IND"]
[SourceTitle "playchess.com"]
[Source "ChessBase"]
[SourceQuality "1"]
[TimeControl "5400+30"]

1. e4 c5 2. Nf3 g6 3. c3 d5 4. exd5 Qxd5 5. d4 Bg7 6. Be3 cxd4 7. cxd4 Nf6 8. Be2 a6 9. Nc3 Qd6 10. O-O O-O 11. a3 b5 12. Ne5 Bb7 13. Bf3 Bxf3 14. Qxf3 Nbd7 15. Nxd7 Qxd7 16. Rfd1 Rfd8 17. d5 Qb7 18. Bd4 Rd7 19. Bxf6 Bxf6 20. Ne4 Qb6 21. Rd2 Be5 22. Ng5 Qf6 23. Qxf6 exf6 24. Nf3 Rc8 25. g3 Rc5 26. Rad1 Rd6 27. Ne1 f5 28. Kg2 a5 29. f4 Bf6 30. Nf3 a4 31. Ne5 Bd8 32. Nc6 Bb6 33. Rd3 Kg7 34. Nb4 Ba5 35. Nc6 Rc2+ 36. Kf3 Bb6 37. R1d2 Rc5 38. Rd1 h6 39. Ne7 Kf8 40. Nc6 Rc2 41. R1d2 Rc1 42. Rd1 Rc5 43. Nb4 Ba5 44. Nc6 Bb6 45. Nb4 Rc4 46. Nc6 g5 47. Ne5 Re4 48. R1d2 Re1 49. h3 h5 50. Nc6 g4+ 51. Kg2 Rg1+ 52. Kh2 h4 53. Nd4 Bxd4 54. Rxd4 Rxg3 55. hxg4 fxg4 56. f5 Kg7 57. Rc2 Kf6 58. Rc5 Ke5 59. Rd2 Rb3 60. Rc7 f6 61. Rc6 Rxd5 62. Re6+ Kxf5 63. Rxd5+ Kxe6 64. Rd2 Ke5 65. Kg2 f5 66. Re2+ Kd4 67. Rf2 Ke4 68. Rc2 f4 69. Kh1 h3 70. Kg1 g3 71. Kh1 f3 72. Kg1 f2+ 73. Kf1 h2 74. Kg2 f1=Q+ 0-1

[Event "36th Indian-ch U13 Open 2023"]
[Site "Secunderabad"]
[Date "2023.12.06"]
[Round "5.6"]
[White "Chinmay Kowshik"]
[Black "Iniyan R S"]
[Result "1-0"]
[ECO "A44"]
[WhiteElo "1761"]
[BlackElo "1446"]
[Annotator "NA COMBH"]
[PlyCount "101"]
[EventDate "2023.12.04"]
[EventType "swiss"]
[EventCountry "IND"]
[SourceTitle "playchess.com"]
[Source "ChessBase"]
[SourceQuality "1"]
[TimeControl "5400+30"]

1. d4 c5 2. d5 e5 3. c4 d6 4. Nc3 g6 5. g3 Bg7 6. Qa4+ Bd7 7. Qb3 Qb6 8. Ne4 Qxb3 9. axb3 Ke7 10. Nc3 f5 11. f3 Na6 12. e4 Nb4 13. Kd1 Nf6 14. Bh3 Rhf8 15. Be3 fxe4 16. Nxe4 Nxe4 17. fxe4 Bxh3 18. Nxh3 Rf3 19. Ke2 Rxe3+ 20. Kxe3 Nc2+ 21. Ke2 Nxa1 22. Rxa1 Bh6 23. Nf2 a6 24. Nd3 Rc8 25. Ra4 Rc7 26. b4 b5 27. cxb5 axb5 28. Ra5 c4 29. Ne1 Bc1 30. Rxb5 Bxb2 31. Rb8 Bd4 32. Nc2 Kd7 33. Rh8 h5 34. Na3 c3 35. Kd3 Rb7 36. Rh7+ Kc8 37. Rxb7 Kxb7 38. Nb5 Kb6 39. Nxc3 g5 40. Kc4 g4 41. Nb5 Bg1 42. Nxd6 Bxh2 43. Nf5 h4 44. gxh4 Bf4 45. Kd3 Kb5 46. d6 Kc6 47. b5+ Kd7 48. b6 Kc6 49. h5 Kxb6 50. h6 g3 51. Ke2 1-0

[Event "36th Indian-ch U13 Open 2023"]
[Site "Secunderabad"]
[Date "2023.12.06"]
[Round "5.8"]
[White "Vivaan Vijay Saraogi"]
[Black "Saisarvesh S"]
[Result "1-0"]
[ECO "B94"]
[WhiteElo "1982"]
[BlackElo "1594"]
[Annotator "RC"]
[PlyCount "87"]
[EventDate "2023.12.04"]
[EventType "swiss"]
[EventCountry "IND"]
[SourceTitle "playchess.com"]
[Source "ChessBase"]
[SourceQuality "1"]
[TimeControl "5400+30"]

1. e4 c5 2. Nf3 d6 3. d4 cxd4 4. Nxd4 Nf6 5. Nc3 a6 6. Bg5 Nbd7 7. f4 Qc7 8. Qf3 h6 9. Bxf6 Nxf6 10. h3 g5 11. fxg5 hxg5 12. O-O-O g4 13. Qf2 Bd7 14. Nd5 Nxd5 15. exd5 gxh3 16. gxh3 Bg7 17. Bg2 Bf6 18. Rd3 Qb6 19. Rhd1 Bb5 20. Rf3 Rh6 21. Rg3 Rh8 22. Rf3 Rh6 23. Nxb5 Qxf2 24. Nxd6+ exd6 25. Rxf2 Be5 26. Rd3 Rf6 27. Rxf6 Bxf6 28. Rb3 Rb8 29. Bf3 Kd7 30. Bg4+ Kc7 31. Rf3 Bg5+ 32. Kd1 f6 33. Be6 Rh8 34. c4 Kb6 35. Rb3+ Kc7 36. Rc3 Kb6 37. b4 Kc7 38. c5 Rh4 39. a3 Rd4+ 40. Ke2 Rd2+ 41. Kf3 Ra2 42. Ke4 Bd2 43. Rf3 dxc5 44. d6+ 1-0

[Event "36th Indian-ch U13 Open 2023"]
[Site "Secunderabad"]
[Date "2023.12.06"]
[Round "5.9"]
[White "Madhesh Kumar S"]
[Black "Aakash G"]
[Result "1/2-1/2"]
[ECO "C01"]
[WhiteElo "1580"]
[BlackElo "1935"]
[Annotator "RC"]
[PlyCount "104"]
[EventDate "2023.12.04"]
[EventType "swiss"]
[EventCountry "IND"]
[SourceTitle "playchess.com"]
[Source "ChessBase"]
[SourceQuality "1"]
[TimeControl "5400+30"]

1. e4 e6 2. d4 d5 3. exd5 exd5 4. Bd3 c5 5. dxc5 Bxc5 6. Nf3 Nf6 7. O-O O-O 8. Bg5 Be6 9. Nbd2 Nbd7 10. Bf4 Bg4 11. c3 Re8 12. Qc2 Qb6 13. b4 Bd6 14. Bxd6 Qxd6 15. Nd4 Ne5 16. Rfe1 Rac8 17. f3 Bh5 18. N2b3 Bg6 19. Bxg6 hxg6 20. Rad1 b6 21. a4 Nfd7 22. Re2 Nc4 23. Rde1 Rxe2 24. Qxe2 Nf6 25. Qe7 Qb8 26. Qe2 Re8 27. Qf2 Ne5 28. Qd2 Rc8 29. b5 Qc7 30. Qe2 Re8 31. Qd2 Re7 32. Re2 Nh5 33. g3 Qc4 34. Kg2 Qxa4 35. Qc2 Qa3 36. Nc6 Nxc6 37. bxc6 Rc7 38. Nd4 a6 39. Re8+ Kh7 40. Ra8 Qa5 41. Qe2 Qxc3 42. Qe8 Qd2+ 43. Kh3 g5 44. Qe5 Qd3 45. Qxc7 Qf1+ 46. Kg4 Kg6 47. Qd6+ Nf6+ 48. Qxf6+ gxf6 49. Rg8+ Kh7 50. c7 f5+ 51. Kxf5 Qh3+ 52. g4 Qxh2 1/2-1/2

[Event "36th Indian-ch U13 Open 2023"]
[Site "Secunderabad"]
[Date "2023.12.06"]
[Round "5.10"]
[White "Abheek Bhatt"]
[Black "Gaikwad Manas"]
[Result "0-1"]
[ECO "B23"]
[WhiteElo "1589"]
[BlackElo "1916"]
[Annotator "RC"]
[PlyCount "154"]
[EventDate "2023.12.04"]
[EventType "swiss"]
[EventCountry "IND"]
[SourceTitle "playchess.com"]
[Source "ChessBase"]
[SourceQuality "1"]
[TimeControl "5400+30"]

1. e4 c5 2. Nc3 a6 3. g3 b5 4. Bg2 Bb7 5. Nge2 e6 6. d3 Nf6 7. h3 Be7 8. O-O d5 9. exd5 Nxd5 10. Ne4 Nc6 11. d4 cxd4 12. Nxd4 Rc8 13. b3 O-O 14. Bb2 b4 15. Qg4 Nxd4 16. Bxd4 g6 17. Qd1 Qc7 18. Rc1 Rfd8 19. Qf3 f5 20. Nd2 Nc3 21. Qd5 Bc6 22. Qxc6 Rd5 23. Qb7 Rxd4 24. Nc4 Ne2+ 25. Kh1 Nxc1 26. Rxc1 Qxb7 27. Bxb7 Rcd8 28. Bf3 Bf6 29. Kg2 R4d7 30. Na5 Bc3 31. Be2 Rd2 32. Bd3 R8xd3 33. cxd3 Rxa2 34. Nc6 a5 35. Kf3 a4 36. bxa4 Rxa4 37. Ke3 Kf7 38. Nd4 Ra5 39. Nf3 Kf6 40. Rb1 e5 41. Rc1 g5 42. d4 e4 43. Ne5 Rd5 44. Nc6 Rd6 45. Nxb4 Bxb4 46. g4 Re6 47. gxf5 Kxf5 48. Rc7 Rh6 49. Rf7+ Ke6 50. Rb7 Rxh3+ 51. Kxe4 Rh4+ 52. Kd3 Bd6 53. Rb5 Rg4 54. f3 Rg1 55. Ke3 Bf4+ 56. Kf2 Rd1 57. Rb6+ Kf7 58. Rb4 h5 59. Ra4 Rd2+ 60. Kf1 h4 61. Ra7+ Ke6 62. Rh7 Rxd4 63. Rh6+ Kf5 64. Rh7 Bg3 65. Rh8 Rd2 66. Kg1 Bd6 67. Rh7 Kf4 68. Rf7+ Kg3 69. Kf1 h3 70. Ke1 Ra2 71. f4 Bxf4 72. Rh7 h2 73. Kf1 g4 74. Ke1 Kf3 75. Kd1 g3 76. Rh3 Kg4 77. Rh7 g2 0-1

[Event "36th Indian-ch U13 Open 2023"]
[Site "Secunderabad"]
[Date "2023.12.07"]
[Round "6.1"]
[White "Mrinmoy Rajkhowa"]
[Black "Chinmay Kowshik"]
[Result "1-0"]
[ECO "C50"]
[WhiteElo "1840"]
[BlackElo "1761"]
[Annotator "NA RC"]
[PlyCount "109"]
[EventDate "2023.12.04"]
[EventType "swiss"]
[EventCountry "IND"]
[SourceTitle "playchess.com"]
[Source "ChessBase"]
[SourceQuality "1"]
[TimeControl "5400+30"]

1. e4 e5 2. Nf3 Nc6 3. Bc4 Bc5 4. d3 Nf6 5. Bg5 O-O 6. Nc3 Be7 7. Bxf6 Bxf6 8. Nd5 Na5 9. Qd2 Nxc4 10. dxc4 d6 11. O-O-O g6 12. Rhg1 Bg4 13. Qd3 Bg7 $11 (13... c6 $5 14. Nxf6+ Qxf6 $11) 14. h3 Bxf3 15. Qxf3 f5 16. Qb3 Rb8 17. c5 Kh8 18. cxd6 Qxd6 19. f3 Qc5 20. Qc3 Qxc3 21. Nxc3 Rbd8 22. Rge1 Bh6+ 23. Kb1 Bd2 24. Rf1 Bxc3 25. bxc3 f4 26. Rd3 Rxd3 27. cxd3 Rd8 28. Kc2 Kg7 29. Rd1 c5 30. a4 b6 31. Kb3 Kf6 32. Kc4 Rd7 33. Rd2 Rd8 34. Rd1 Rd7 35. Rd2 Rd8 36. Kb5 Rd7 37. a5 bxa5 38. Kxc5 Rc7+ 39. Kd6 Rxc3 40. d4 exd4 41. Rxd4 g5 42. e5+ Kf7 43. e6+ Ke8 44. Ke5 Rc7 45. Kf6 h6 46. h4 Rb7 47. Rc4 Kd8 48. Rd4+ Ke8 49. hxg5 hxg5 50. Rc4 Kd8 51. Rd4+ Ke8 52. Rd1 a4 53. Rh1 Kd8 54. Rh8+ Kc7 55. Rh7+ 1-0